 Dungeon Crawl Stone Soup version 0.30-a0-374-g95c0257040 (webtiles) character file.

Game seed: 16980486117455316819

1048 sanka the Cleaver (level 8, -13/60 HPs)
             Began as a Formicid Fighter on Nov 25, 2022.
             Was a Believer of Okawaru.
             Mangled by a two-headed ogre
             ... wielding a +0 giant spiked club
              (22 damage)
             ... on level 6 of the Dungeon.
             The game lasted 00:06:30 (4075 turns).

sanka the Cleaver (Formicid Fighter)                Turns: 4075, Time: 00:06:30

Health: -13/60     AC:  9    Str: 23    XL:     8   Next: 50%
Magic:  9/11       EV: 16    Int:  8    God:    Okawaru [**....]
Gold:   339        SH:  6    Dex: 13    Spells: 7/7 levels left

rFire   . . .      SeeInvis +    a - +0 broad axe
rCold   + . .      Faith    .    c - +0 buckler
rNeg    . . .      Spirit   .    b - +0 scale mail
rPois   .          Reflect  .    (helmet unavailable)
rElec   .          Harm     .    (no cloak)
rCorr   .          Rampage  .    (no gloves)
Will    .....                    r - +0 pair of boots
Stlth   +.........               (no amulet)
HPRegen 0.30/turn                A - ring of protection from cold
MPRegen 0.12/turn                q - +4 ring of evasion

@: heroic
A: permanent stasis, dig shafts and tunnels, antennae 3, four strong arms
a: Dig, Shaft Self, Renounce Religion, Heroism


You were on level 6 of the Dungeon.
You worshipped Okawaru.
Okawaru was pleased with you.
You visited 1 branch of the dungeon, and saw 6 of its levels.

You collected 339 gold pieces.


Innate Abilities, Weirdness & Mutations

You cannot be hasted, slowed, berserked, paralysed or teleported.
You can dig through walls and to a lower floor.
You have a pair of large antennae on your head. (SInv)
Your four strong arms can wield two-handed weapons with a shield.


   Skills:
 - Level 4.0(9.0) Fighting
 * Level 8.7(13.7) Axes
 - Level 3.2(8.2) Armour
 - Level 4.0(9.0) Shields
 - Level 4.0 Invocations


You had 7 spell levels left.
You didn't know any spells.
Your spell library contained the following spells:

 Spells                   Type           Power      Damage    Failure   Level
 Ozocubu's Armour         Ice            0%         N/A       98%         3
 Manifold Assault         Tloc           0%         N/A       100%        4
 Eringya's Noxious Bog    Tmut/Pois      0%         N/A       100%        6
 Ozocubu's Refrigeration  Ice            0%         4d7       100%        7
 Storm Form               Tmut/Air       0%         N/A       100%        7
 Blink                    Tloc           Unusable   N/A       N/A         2
 Summon Forest            Summ/Tloc      Unusable   N/A       N/A         5
 Summon Hydra             Summ           Unusable   N/A       N/A         7

Inventory:

Hand Weapons
 a - a +0 broad axe (weapon)
Armour
 b - a +0 scale mail (worn)
 c - a +0 buckler (worn)
 r - a +0 pair of boots (worn)
 t - a +2 pair of gloves
Jewellery
 q - a +4 ring of evasion (right hand)
 A - a ring of protection from cold (left hand)
Wands
 v - a wand of flame (13)
Scrolls
 e - a scroll of teleportation {@r4}
 f - 2 scrolls of poison {!r}
 i - a scroll of silence {unknown}
 j - 2 scrolls of immolation {!r}
 l - a scroll of magic mapping
 m - 2 scrolls of fog {unknown}
 p - a scroll of amnesia {unknown}
 s - a scroll of acquirement
 u - 4 scrolls of identify {@r1}
 x - a scroll of brand weapon {unknown}
 y - a scroll of vulnerability {unknown}
Potions
 d - a potion of might
 g - 2 potions of attraction {unknown}
 h - a potion of resistance {unknown}
 k - 3 potions of flight {unknown}
 n - 2 potions of degeneration {unknown}
 o - 2 potions of heal wounds {unknown}
 w - 2 potions of mutation {unknown}
 z - a potion of cancellation {unknown}
 B - a potion of brilliance {unknown}

Dungeon Overview and Level Annotations

Branches:
Dungeon (6/15)             Temple (0/1) D:4

Altars:
Ashenzari
Okawaru

Shops:
D:2 [ D:4

( ... ....
.....
......▒▒▒▒
£.....?..▒
▒▒▒+▒▒.▒.▒
...▒D▒
▒...▒O▒
▒▒▒▒▒▒+▒.▒B▒
▒.....<..▒▒▒
▒........▒
▒........▒
.O........▒
...........
........D▒▒▒
▒▒.......▒
.▒▒▒▒▒▒▒.


You could see a two-headed ogre and a steam dragon.


Message History

Unknown command.
Found 3 scrolls labelled XUUT XIEBOSA.
You sense a monster nearby.
Found 10 gold pieces.
The steam dragon hisses angrily.
The two-headed ogre shouts in stereo!
There is a stone staircase leading up here.
There are no items here.
Use which ability? (? or * to list)
You gain the combat prowess of a mighty hero.
You slash the two-headed ogre!
The two-headed ogre is lightly wounded.
The two-headed ogre closely misses you.
The two-headed ogre hits you with a +0 giant club!
You slice the two-headed ogre!!
The two-headed ogre is heavily wounded.
The two-headed ogre hits you with a +0 giant spiked club!!
* * * LOW HITPOINT WARNING * * *
You block the two-headed ogre's attack.
You hit the two-headed ogre.
The two-headed ogre is heavily wounded.
You hit the two-headed ogre.
The two-headed ogre is heavily wounded.
The two-headed ogre misses you.
The two-headed ogre hits you with a +0 giant club!
* * * LOW HITPOINT WARNING * * *
You slash the two-headed ogre!
The two-headed ogre is severely wounded.
The two-headed ogre hits you with a +0 giant spiked club!!
You die...

Action                   |  1- 3 |  4- 6 |  7- 9 || total
-------------------------+-------+-------+-------++-------
Melee: War axe           |    93 |    31 |       ||   124
       Broad axe         |       |    82 |   104 ||   186
Invok: Heroism           |       |       |     1 ||     1
  Use: Scroll            |       |     5 |       ||     5
Armor: Scale mail        |    30 |    45 |    24 ||    99
Dodge: Dodged            |    48 |   117 |    51 ||   216
Block: Buckler           |    16 |    45 |    22 ||    83

Levels and vault maps discovered:
D:1:      dpeg_arrival_pond, layout_rooms, serial_rivers,
          chequers_serial_rivers_large_b, chequers_serial_rivers_micro_d,
          chequers_serial_rivers_small_b, chequers_serial_rivers_room_b,
          chequers_serial_rivers_small_a, kennysheep_nondescript,
          grunt_decor_clamped
D:2:      layout_loops_cross, serial_shops, nicolae_diamond_shop,
          wad_floor_pattern_untrapped, minmay_door_square, minmay_tromino_v4_a
D:3:      cheibrodos_old_hovel, layout_rooms, lemuel_round_altar,
          shapermc_ecumenical_altar_hornbeckon
D:4:      layout_basic, cheibrodos_ashenzari_chains,
          minmay_temple_entry_statues_fountains, serial_shops,
          nicolae_diamond_shop, corexii_shack
D:5:      layout_basic, chequers_arboretum, minmay_misc_feat_chi,
          grunt_ministairs_15, uniq_menkaure
D:6:      layout_basic, minmay_hollow_rounded_squares

Notes
Turn   | Place    | Note
-------+----------+-------------------------------------------
     0 | D:1      | sanka the Formicid Fighter began the quest for the Orb.
     0 | D:1      | Reached XP level 1. HP: 18/18 MP: 1/1
    97 | D:1      | Reached XP level 2. HP: 20/24 MP: 2/2
   595 | D:2      | Reached skill level 3 in Axes
   595 | D:2      | Reached XP level 3. HP: 19/30 MP: 3/3
   679 | D:2      | Found Gulustikk's Armour Emporium.
  1328 | D:3      | Noticed a necrophage
  1337 | D:3      | Killed a necrophage
  1338 | D:3      | Reached skill level 4 in Fighting
  1338 | D:3      | Reached skill level 4 in Axes
  1338 | D:3      | Reached XP level 4. HP: 29/37 MP: 4/4
  1338 | D:3      | Reached XP level 5. HP: 33/42 MP: 5/5
  1514 | D:3      | Found a faded altar of an unknown god.
  1538 | D:3      | Found an iron altar of Okawaru.
  1566 | D:3      | Became a worshipper of Warmaster Okawaru
  1779 | D:4      | Identified a scroll of acquirement
  1785 | D:4      | Found a staircase to the Ecumenical Temple.
  1811 | D:4      | Reached skill level 5 in Axes
  1811 | D:4      | Reached skill level 1 in Invocations
  1867 | D:4      | Reached XP level 6. HP: 39/48 MP: 6/6
  1934 | D:4      | Reached skill level 2 in Invocations
  2059 | D:4      | Reached * piety under Okawaru
  2060 | D:4      | Reached skill level 6 in Axes
  2178 | D:4      | Noticed a black bear
  2191 | D:4      | Killed a black bear
  2192 | D:4      | Reached skill level 3 in Invocations
  2192 | D:4      | Reached XP level 7. HP: 13/54 MP: 9/9
  2374 | D:4      | Found a broken altar of Ashenzari.
  2585 | D:4      | Found Pioc's Antique Weapon Boutique.
  2737 | D:5      | Entered Level 5 of the Dungeon
  2985 | D:5      | Reached skill level 7 in Axes
  2985 | D:5      | Reached skill level 4 in Invocations
  3075 | D:5      | Noticed Menkaure
  3086 | D:5      | Killed Menkaure
  3086 | D:5      | Reached ** piety under Okawaru
  3087 | D:5      | Reached XP level 8. HP: 22/60 MP: 11/11
  3293 | D:5      | Reached skill level 8 in Axes
  4024 | D:6      | Noticed a two-headed ogre
  4075 | D:6      | Mangled by a two-headed ogre

Vanquished Creatures
  Menkaure (D:5)
  A black bear (D:4)
  An ice beast (D:5)
  A centaur (D:5)
  A necrophage (D:3)
  2 scorpions
  A jelly (D:5)
  2 orc priests
  3 hounds
  3 iguanas
  An orc wizard (D:4)
  3 gnolls (D:4)
  6 adders
  A white imp (D:5)
  An ufetubus (D:4)
  3 dart slugs
  18 orcs
  5 ball pythons
  2 bats (D:1)
  4 endoplasms
  2 giant cockroaches
  4 hobgoblins
  13 jackals
  2 quokkas
  3 frilled lizards
  6 goblins
  6 kobolds
  6 rats
102 creatures vanquished.

Vanquished Creatures (others)
  4 plants
4 creatures vanquished.

Grand Total: 106 creatures vanquished
